EL
LYNN SAILORS @ PITTSFIELD COLONIALS
05/27/1982
 
TOP OF THE 1ST
Lynn Sailors batting - Pitching for Pittsfield Colonials : RHP Robert Vavrock
Pitching: RHP Robert Vavrock
Batting: SHB Bip Roberts 0-0: Fly out, F7 (Flyball, 78M, EV 86.9 MPH)
Batting: RHB Ron Wotus 0-0: Ball
1-0: Ball
2-0: Called Strike
2-1: DOUBLE (Flyball, 78D, EV 109.4 MPH)
Batting: RHB Mike Rubel 0-0: Ball
1-0: Foul Ball, location: 2F
1-1: Ball
2-1: Called Strike
2-2: Strikes out swinging
Batting: RHB Ken Gerhart 0-0: Ball
1-0: Swinging Strike
1-1: Ball
2-1: Swinging Strike
2-2: Foul Ball, location: 2F
2-2: SINGLE (Groundball, 6MS, EV 65.0 MPH) (infield hit)
Ron Wotus to third
Batting: RHB Mike Reddish 0-0: Ball
1-0: Foul Ball, location: 2F
1-1: Fly out, F9 (Flyball, 9S, EV 87.5 MPH)
Top of the 1st over - 0 runs, 2 hits, 0 errors, 2 left on base; Lynn 0 - Pittsfield 0
BOTTOM OF THE 1ST
Pittsfield Colonials batting - Pitching for Lynn Sailors : RHP Eric Broersma
Pitching: RHP Eric Broersma
Batting: SHB Steve Scafa 0-0: Ball
1-0: Ball
2-0: Ball
3-0: Base on Balls
Batting: RHB Mike Brewer 0-0: Called Strike
0-1: Ball
1-1: Ball
2-1: Called Strike
2-2: Strikes out looking
Steve Scafa steals 2nd base
Batter strikes out.
Batting: SHB Felipe Gracia 0-0: Swinging Strike
0-1: Ball
1-1: Ball
2-1: Fly out, F8 (Flyball, 8RD, EV 91.9 MPH)
Batting: RHB Shawon Dunston 0-0: Ball
1-0: Ball
2-0: Ball
3-0: Base on Balls
Batting: LHB Armando Ortiz 0-0: Ball
1-0: Foul Ball, location: 2F
1-1: Ball
2-1: Foul Ball, location: 2F
2-2: Foul Ball, location: 2F
2-2: Strikes out swinging
Bottom of the 1st over - 0 runs, 0 hits, 0 errors, 2 left on base; Lynn 0 - Pittsfield 0
TOP OF THE 2ND
Lynn Sailors batting - Pitching for Pittsfield Colonials : RHP Robert Vavrock
Batting: RHB Jorge Hinojosa 0-0: Foul Ball, location: 2F
0-1: Ball
1-1: Fly out, F8 (Flyball, 8LM, EV 96.9 MPH)
Batting: RHB Vinny Jaramillo 0-0: Ball
1-0: Ground out 6-3 (Groundball, 56, EV 105.6 MPH)
Batting: SHB Danny Gans 0-0: Ball
1-0: Called Strike
1-1: Swinging Strike
1-2: Foul Ball, location: 2F
1-2: Strikes out swinging
Top of the 2nd over - 0 runs, 0 hits, 0 errors, 0 left on base; Lynn 0 - Pittsfield 0
BOTTOM OF THE 2ND
Pittsfield Colonials batting - Pitching for Lynn Sailors : RHP Eric Broersma
Batting: LHB James Wojcik 0-0: Ball
1-0: Ball
2-0: Ball
3-0: Base on Balls
Batting: RHB Steven Ramler 0-0: Called Strike
0-1: Ball
1-1: Foul Ball, location: 2F
1-2: Ball
2-2: Strikes out swinging
Batting: SHB David Enos 0-0: Ball
1-0: Ball
2-0: Foul Ball, location: 2F
2-1: Ball
3-1: Foul Ball, location: 2F
3-2: Foul Ball, location: 2F
3-2: Foul Ball, location: 2F
3-2: Base on Balls
James Wojcik to second
Batting: RHB Juan Castro 0-0: Ball
1-0: Fly out, F9 (Flyball, 9S, EV 85.6 MPH)
Batting: SHB Steve Scafa 0-0: Ball
1-0: Ball
2-0: Ball
3-0: Base on Balls
James Wojcik to third
David Enos to second
Batting: RHB Mike Brewer 0-0: Ball
Wild Pitch!
James Wojcik scores
David Enos to third
Steve Scafa to second
1-0: Ball
2-0: Swinging Strike
2-1: SINGLE (Groundball, 56, EV 79.4 MPH) (infield hit)
David Enos scores
Steve Scafa to third
Batting: SHB Felipe Gracia 0-0: Fly out, F7 (Flyball, 78D, EV 100.0 MPH)
Bottom of the 2nd over - 2 runs, 1 hit, 0 errors, 2 left on base; Lynn 0 - Pittsfield 2
TOP OF THE 3RD
Lynn Sailors batting - Pitching for Pittsfield Colonials : RHP Robert Vavrock
Batting: RHB Ezequiel Carrasco 0-0: Foul Ball, location: 2F
0-1: Called Strike
0-2: Ball
1-2: Strikes out swinging, 2-3 out at first.
Batting: SHB Bip Roberts 0-0: Ball
1-0: Ball
2-0: Ball
3-0: Called Strike
3-1: Swinging Strike
3-2: Foul Ball, location: 2F
3-2: Fly out, F9 (Line Drive, 9, EV 93.8 MPH)
Batting: RHB Ron Wotus 0-0: Ball
1-0: Ball
2-0: Swinging Strike
2-1: Ball
3-1: Fly out, F8 (Line Drive, 8LD, EV 93.8 MPH)
Top of the 3rd over - 0 runs, 0 hits, 0 errors, 0 left on base; Lynn 0 - Pittsfield 2
BOTTOM OF THE 3RD
Pittsfield Colonials batting - Pitching for Lynn Sailors : RHP Eric Broersma
Batting: RHB Shawon Dunston 0-0: Called Strike
0-1: Ball
1-1: Swinging Strike
1-2: Foul Ball, location: 2F
1-2: Ball
2-2: Strikes out swinging
Batting: LHB Armando Ortiz 0-0: Called Strike
0-1: Ball
1-1: Ground out 6-3 (Groundball, 6M, EV 102.5 MPH)
Batting: LHB James Wojcik 0-0: Ball
1-0: Ball
2-0: Ball
3-0: Base on Balls
Batting: RHB Steven Ramler 0-0: Ball
1-0: Called Strike
1-1: DOUBLE (Flyball, 89XD, EV 105.0 MPH)
James Wojcik to third
Batting: SHB David Enos 0-0: Ball
1-0: Ball
2-0: Called Strike
2-1: Called Strike
2-2: Fly out, F6 (Popup, 6MD, EV 43.8 MPH)
Bottom of the 3rd over - 0 runs, 1 hit, 0 errors, 2 left on base; Lynn 0 - Pittsfield 2
TOP OF THE 4TH
Lynn Sailors batting - Pitching for Pittsfield Colonials : RHP Robert Vavrock
Batting: RHB Mike Rubel 0-0: SINGLE (Line Drive, 4MD, EV 98.8 MPH)
Batting: RHB Ken Gerhart 0-0: Foul Ball, location: 2F
0-1: Called Strike
0-2: Ball
1-2: Strikes out looking
Batting: RHB Mike Reddish 0-0: Ball
1-0: Foul Ball, location: 2F
1-1: Ball
2-1: Ball
3-1: Base on Balls
Mike Rubel to second
Batting: RHB Jorge Hinojosa 0-0: Grounds into double play, 6-4-3 (Groundball, 6, EV 80.6 MPH)
Top of the 4th over - 0 runs, 1 hit, 0 errors, 1 left on base; Lynn 0 - Pittsfield 2
BOTTOM OF THE 4TH
Pittsfield Colonials batting - Pitching for Lynn Sailors : RHP Eric Broersma
Batting: RHB Juan Castro 0-0: Foul Ball, location: 2F
0-1: SINGLE (Line Drive, 4D, EV 95.6 MPH)
Batting: SHB Steve Scafa 0-0: Ball
1-0: Ball
2-0: Ball
3-0: Called Strike
3-1: Foul Ball, location: 2F
3-2: Fly out, F8 (Flyball, 8RD, EV 104.4 MPH)
Batting: RHB Mike Brewer 0-0: Swinging Strike
0-1: Swinging Strike
0-2: Fly out, F3 (Popup, 34S, EV 73.8 MPH)
Batting: SHB Felipe Gracia 0-0: Ball
Juan Castro is caught stealing 2nd base 2-6
Bottom of the 4th over - 0 runs, 1 hit, 0 errors, 0 left on base; Lynn 0 - Pittsfield 2
TOP OF THE 5TH
Lynn Sailors batting - Pitching for Pittsfield Colonials : RHP Robert Vavrock
Batting: RHB Vinny Jaramillo 0-0: Ball
1-0: Swinging Strike
1-1: Ball
2-1: Fly out, F9 (Flyball, 9LD, EV 85.0 MPH)
Batting: SHB Danny Gans 0-0: Called Strike
0-1: Swinging Strike
0-2: Foul Ball, location: 2F
0-2: Ball
1-2: Strikes out looking
Batting: RHB Ezequiel Carrasco 0-0: Ball
1-0: Swinging Strike
1-1: Ground out 5-3 (Groundball, 56S, EV 63.8 MPH)
Top of the 5th over - 0 runs, 0 hits, 0 errors, 0 left on base; Lynn 0 - Pittsfield 2
BOTTOM OF THE 5TH
Pittsfield Colonials batting - Pitching for Lynn Sailors : RHP Eric Broersma
Batting: SHB Felipe Gracia 0-0: Called Strike
0-1: Swinging Strike
0-2: Ball
1-2: SINGLE (Flyball, 5D, EV 81.3 MPH)
Batting: RHB Shawon Dunston 0-0: Called Strike
0-1: Ground out 5-3 (Groundball, 56S, EV 67.5 MPH)
Felipe Gracia to second
Batting: LHB Armando Ortiz 0-0: Foul Ball, location: 2F
0-1: Foul Ball, location: 2F
0-2: Ball
1-2: Ground out 4-3 (Groundball, 4, EV 87.5 MPH)
Felipe Gracia to third
Batting: LHB James Wojcik 0-0: Ball
1-0: Foul Ball, location: 2F
1-1: Ball
2-1: Foul Ball, location: 2F
2-2: Ball
3-2: Foul Ball, location: 2F
3-2: Base on Balls
Batting: RHB Steven Ramler 0-0: Called Strike
0-1: Called Strike
0-2: Foul Ball, location: 2F
0-2: Ball
1-2: Ball
Passed Ball!
Felipe Gracia scores
James Wojcik to second
2-2: Strikes out looking
Bottom of the 5th over - 1 run, 1 hit, 0 errors, 1 left on base; Lynn 0 - Pittsfield 3
TOP OF THE 6TH
Lynn Sailors batting - Pitching for Pittsfield Colonials : RHP Robert Vavrock
Batting: SHB Bip Roberts 0-0: Called Strike
0-1: Ball
1-1: Foul Ball, location: 2F
1-2: Ball
2-2: Ball
3-2: Ground out 4-3 (Groundball, 4, EV 80.0 MPH)
Batting: RHB Ron Wotus 0-0: Called Strike
0-1: Foul Ball, location: 2F
0-2: Ground out 5-3 (Groundball, 56S, EV 88.1 MPH)
Batting: RHB Mike Rubel 0-0: Called Strike
0-1: Called Strike
0-2: Foul Ball, location: 2F
0-2: Ball
1-2: Fly out, F6 (Popup, 56, EV 68.1 MPH)
Top of the 6th over - 0 runs, 0 hits, 0 errors, 0 left on base; Lynn 0 - Pittsfield 3
BOTTOM OF THE 6TH
Pittsfield Colonials batting - Pitching for Lynn Sailors : RHP Eric Broersma
Batting: SHB David Enos 0-0: Ball
1-0: Fly out, F6 (Popup, 6D, EV 45.6 MPH)
Batting: RHB Juan Castro 0-0: Ball
1-0: Ball
2-0: Ball
3-0: Base on Balls
Pitching: RHP Trent Ferrin
Batting: SHB Steve Scafa 0-0: Called Strike
0-1: Ball
1-1: Ball
2-1: Foul Ball, location: 2F
2-2: Ball
3-2: Foul Ball, location: 2F
3-2: SINGLE (Line Drive, 78S, EV 101.3 MPH)
Juan Castro to second
Batting: RHB Mike Brewer 0-0: Foul Ball, location: 2F
0-1: Called Strike
0-2: Ball
1-2: Ball
2-2: Ball
3-2: Base on Balls
Juan Castro to third
Steve Scafa to second
Batting: SHB Felipe Gracia 0-0: SINGLE (Flyball, 6MD, EV 91.9 MPH)
Juan Castro scores
Steve Scafa to third
Mike Brewer to second
Runner from 3rd tries for Home, SAFE, throw by CF to home
Batting: RHB Shawon Dunston 0-0: Ball
Mike Brewer steals 3rd base
Felipe Gracia to second
1-0: Called Strike
1-1: Fly out, F7 (Flyball, 8LS, EV 90.0 MPH)
Batting: LHB Armando Ortiz 0-0: Swinging Strike
0-1: Ball
1-1: Ball
2-1: Ball
3-1: 3-RUN HOME RUN (Flyball, 9LD, EV 99.4 MPH), Distance : 371 ft
Pitching: RHP Roberto Yan
Batting: LHB James Wojcik 0-0: Called Strike
0-1: Fly out, F8 (Line Drive, 8RM, EV 91.9 MPH)
Bottom of the 6th over - 5 runs, 3 hits, 0 errors, 0 left on base; Lynn 0 - Pittsfield 8
TOP OF THE 7TH
Lynn Sailors batting - Pitching for Pittsfield Colonials : RHP Robert Vavrock
Batting: RHB Ken Gerhart 0-0: SINGLE (Line Drive, 34D, EV 98.8 MPH)
Batting: RHB Mike Reddish 0-0: Ball
1-0: Called Strike
1-1: Ball
2-1: Called Strike
2-2: SINGLE (Groundball, 56D, EV 95.6 MPH)
Ken Gerhart to second
Pinch Hitting: RHB David Schuman 0-0: Ball
1-0: Grounds into double play, 6-4-3 (Groundball, 6, EV 90.6 MPH)
Ken Gerhart to third
Pinch Hitting: LHB Howard McCann 0-0: Ball
1-0: Ground out U3 (Groundball, 3, EV 83.8 MPH)
Top of the 7th over - 0 runs, 2 hits, 0 errors, 1 left on base; Lynn 0 - Pittsfield 8
BOTTOM OF THE 7TH
Pittsfield Colonials batting - Pitching for Lynn Sailors : RHP Roberto Yan
Now at SS: Howard McCann
Now in CF: David Schuman
Batting: RHB Steven Ramler 0-0: Ball
1-0: Ball
2-0: Ball
3-0: Base on Balls
Batting: SHB David Enos 0-0: Called Strike
0-1: Foul Ball, location: 2F
0-2: Strikes out swinging
Pinch Hitting: SHB Allan Wilkerson 0-0: Foul Ball, location: 2F
0-1: DOUBLE (Flyball, 8LD, EV 98.8 MPH)
Steven Ramler to third
Pinch Hitting: RHB Fernando Marin 0-0: Ground out U3 (Groundball, 34S, EV 89.4 MPH)
Steven Ramler scores
Allan Wilkerson to third
Pinch Hitting: LHB Brad Hawkins 0-0: Ball
1-0: Ball
2-0: Called Strike
2-1: Foul Ball, location: 2F
2-2: Foul Ball, location: 2F
Balk!
Allan Wilkerson scores
2-2: Foul Ball, location: 2F
2-2: Foul Ball, location: 2F
2-2: Ball
3-2: Foul Ball, location: 2F
3-2: Base on Balls
Batting: SHB Felipe Gracia 0-0: Ball
1-0: Called Strike
1-1: Ball
2-1: Ball
3-1: Base on Balls
Brad Hawkins to second
Batting: RHB Shawon Dunston 0-0: Swinging Strike
0-1: Ball
1-1: Fly out, F9 (Line Drive, 9, EV 98.1 MPH)
Bottom of the 7th over - 2 runs, 1 hit, 0 errors, 2 left on base; Lynn 0 - Pittsfield 10
TOP OF THE 8TH
Lynn Sailors batting - Pitching for Pittsfield Colonials : RHP Robert Vavrock
Now at 2B: Fernando Marin
Now at SS: Allan Wilkerson
Now in RF: Mitch Webster
Batting: SHB Danny Gans 0-0: Called Strike
0-1: Ball
1-1: Reached on error, E4 (Groundball, 4, EV 103.8 MPH)
Batting: RHB Ezequiel Carrasco 0-0: Ball
1-0: Foul Ball, location: 2F
1-1: Foul Ball, location: 2F
1-2: Fly out, F9 (Flyball, 9, EV 76.3 MPH)
Pinch Hitting: LHB Tony Merulla 0-0: Fly out, F8 (Flyball, 89XD, EV 102.5 MPH)
Batting: RHB Ron Wotus 0-0: SINGLE (Groundball, 6M, EV 101.3 MPH) (infield hit)
Danny Gans to second
Batting: RHB Mike Rubel 0-0: Ball
1-0: Called Strike
1-1: Ball
2-1: Fly out, F7 (Flyball, 78S, EV 96.3 MPH)
Top of the 8th over - 0 runs, 1 hit, 1 error, 2 left on base; Lynn 0 - Pittsfield 10
BOTTOM OF THE 8TH
Pittsfield Colonials batting - Pitching for Lynn Sailors : RHP Roberto Yan
Now at 1B: Tony Merulla
Batting: LHB Armando Ortiz 0-0: Called Strike
0-1: Ball
1-1: Foul Ball, location: 2F
1-2: Fly out, F9 (Line Drive, 9, EV 95.6 MPH)
Batting: LHB James Wojcik 0-0: Ground out 4-3 (Groundball, 4, EV 102.5 MPH)
Batting: RHB Steven Ramler 0-0: Ball
1-0: Ball
2-0: Foul Ball, location: 2F
2-1: Fly out, F8 (Line Drive, 8RD, EV 88.8 MPH)
Bottom of the 8th over - 0 runs, 0 hits, 0 errors, 0 left on base; Lynn 0 - Pittsfield 10
TOP OF THE 9TH
Lynn Sailors batting - Pitching for Pittsfield Colonials : RHP Robert Vavrock
Batting: RHB Ken Gerhart 0-0: Fly out, F8 (Line Drive, 8RM, EV 93.1 MPH)
Batting: RHB Mike Reddish 0-0: Ball
1-0: Called Strike
1-1: Fly out, F9 (Flyball, 9S, EV 91.3 MPH)
Batting: RHB David Schuman 0-0: Called Strike
0-1: Ball
1-1: Foul Ball, location: 2F
1-2: Strikes out swinging
Top of the 9th over - 0 runs, 0 hits, 0 errors, 0 left on base; Lynn 0 - Pittsfield 10
Monday, August 3rd, 2020 - OOTP Baseball 21.5 Build 76